 Dungeon Crawl Stone Soup version 0.17-a0-1079-g9903972 (webtiles) character file.

231 Cryogen the Skirmisher (level 5, 0/48 HPs)
             Began as a Minotaur Fighter on May 19, 2015.
             Killed from afar by an orc wizard (4 damage)
             ... with a magic dart
             ... on level 3 of the Dungeon.
             The game lasted 00:13:15 (2328 turns).

Cryogen the Skirmisher (Minotaur Fighter)           Turns: 2328, Time: 00:13:15

Health: 0/48       AC:  7    Str: 22    XL:     5   Next: 72%
Magic:  4/4        EV:  5    Int:  5    God:
Gold:   146        SH: 14    Dex:  9    Spells: 0 memorised, 4 levels left

rFire  . . .     SeeInvis .     a - +0 war axe
rCold  . . .     Clarity  .     b - +0 scale mail
rNeg   . . .     SustAb   .     u - +0 large shield
rPois  .         Gourm    .     (helmet restricted)
rElec  .         Spirit   .     (no cloak)
rCorr  +         Warding  .     (no gloves)
rMut   .         Stasis   .     (no boots)
MR     .....                    i - amulet of resist corrosion
Stlth  ..........               (no ring)
                                (no ring)

@: not resistant to hostile enchantments, extremely unstealthy
A: retaliatory headbutt, horns 2
a: no special abilities


You were on level 3 of the Dungeon.
You were not hungry.

You visited 1 branch of the dungeon, and saw 4 of its levels.

You collected 146 gold pieces.

Inventory:

Hand weapons
 a - a +0 war axe (weapon)
 h - a +2 hand axe of freezing
Armour
 b - a +0 scale mail (worn)
 c - a +0 shield
 u - a +0 large shield (worn)
Jewellery
 i - an amulet of resist corrosion (around neck)
Scrolls
 j - 2 scrolls of teleportation
 k - 3 scrolls of enchant weapon {unknown}
 l - 3 scrolls of blinking {unknown}
 q - 3 scrolls of magic mapping {unknown}
 s - a scroll of immolation {unknown}
 x - a scroll of fog {unknown}
Potions
 d - a potion of might
 g - a potion of heal wounds {unknown}
 o - 2 potions of agility {unknown}
 r - a potion of cure mutation {unknown}
 v - a potion of haste
 w - a potion of curing {unknown}
 z - a potion of flight {unknown}
Comestibles
 e - a bread ration
 f - a royal jelly
 m - 2 meat rations
 n - 3 fruits
 p - 2 slices of pizza
 t - a beef jerky


   Skills:
 * Level 5.3 Fighting
 * Level 4.4 Axes
 + Level 4.4 Armour
 + Level 5.0 Shields


You had 4 spell levels left.
You didn't know any spells.

Dungeon Overview and Level Annotations

Branches:
Dungeon (4/15)
 Temple: D:4-7

Altars:
Kikubaaqudgha


Innate Abilities, Weirdness & Mutations

You reflexively headbutt those who attack you in melee.
You have a pair of horns on your head.


Message History

Something hits you but does no damage. You block the orc's attack.
The orc barely misses you. Something hits you but does no damage.
You feel sick. The orc hits you but does no damage.
A puff of flame appears from out of thin air!
The puff of flame hits the orc.
The orc dies!
You feel sick.
You feel sick.
You feel a wave of unholy energy pass over you.
A magic dart appears from out of thin air!
The magic dart hits you!
* * * LOW HITPOINT WARNING * * *
You feel sick.
There is an open door here.
You feel sick.
You are no longer poisoned.
You hear some strange, mumbled words.
A magic dart appears from out of thin air!
The magic dart hits you!
You die...

#..(........##.## ##.....)..#
#.############.# #.......### )#.#
#.# #.###.#.# ###.## ##'## #o#
#.>.# # ##.# ##...## #.# #...#
###.## ##.....## #.###...###
.#...## ##.......## #..........
#.#...####.........####..........
.........+......@..'.o...........
#........#.........####...#...###
#.#..###.##.......## ##.##...#
#....###.###.....## ####...#
#.....##.# ##...## #.###
#....###.# ##'## #.# #.#..###.#
#.# #.# #.<......#####.# #.#
####.##........## ########.#


You could see an orc.

Vanquished Creatures
  Edmund (D:4)
  A hound (D:3)
  Ijyb (D:3)
  A giant gecko (D:2)
  An orc (D:3)
  9 bats
  2 bat zombies (D:3)
  5 goblins
  5 hobgoblins
  6 jackals
  6 giant cockroaches
  A giant newt (D:2)
  7 kobolds
  6 rats
  2 rat zombies (D:3)
54 creatures vanquished.

Vanquished Creatures (others)
  An orc (D:3)
1 creature vanquished.

Grand Total: 55 creatures vanquished

Notes
Turn   | Place    | Note
--------------------------------------------------------------
     0 | D:1      | Cryogen the Minotaur Fighter began the quest for the Orb.
     0 | D:1      | Reached XP level 1. HP: 19/19 MP: 0/0
   173 | D:1      | Reached XP level 2. HP: 17/27 MP: 1/1
   387 | D:1      | Reached skill level 4 in Shields
  1093 | D:2      | Reached XP level 3. HP: 33/33 MP: 2/2
  1779 | D:3      | Noticed Ijyb
  1789 | D:3      | Killed Ijyb
  1789 | D:3      | Reached XP level 4. HP: 39/41 MP: 3/3
  2067 | D:3      | Found an ancient bone altar of Kikubaaqudgha.
  2283 | D:4      | Noticed Edmund
  2294 | D:4      | Killed Edmund
  2294 | D:4      | Reached skill level 5 in Fighting
  2294 | D:4      | Reached skill level 5 in Shields
  2294 | D:4      | Reached XP level 5. HP: 35/48 MP: 4/4
  2328 | D:3      | Killed from afar by an orc wizard

Vault maps used:
D:1:      lemuel_arrival_rhombus, lemuel_flame_loot_1
D:3:      lemuel_zombie_altar_kikubaaqudgha, uniq_iyjb
D:4:      yredelemnul_altar_generic, temple_green, serial_forest,
          infiniplex_forest_clump_long, infiniplex_forest_lined_3,
          infiniplex_forest_lined_1, infiniplex_forest_end_1,
          infiniplex_forest_lined_corner, infiniplex_forest_lined_corner,
          infiniplex_forest_split, infiniplex_forest_end_3, uniq_edmund

Action                   |  1- 3 |  4- 6 || total
-------------------------+-------+-------++-------
Melee: War axe           |    90 |    43 ||   133
  Use: Scroll            |     3 |       ||     3
  Eat: Bread ration      |     1 |       ||     1
